 Dungeon Crawl Stone Soup version 0.13.0-25-g43d4df3 (webtiles) character file.

9161 Malachi the Grappler (level 11, -4/88 HPs)
             Began as a Troll Necromancer on Oct 27, 2013.
             Was a Priest of Kikubaaqudgha.
             Slain by a trapdoor spider simulacrum (7 damage)
             ... on Level 11 of the Dungeon.
             The game lasted 00:34:43 (9882 turns).

Malachi the Grappler (Troll Necromancer)            Turns: 9882, Time: 00:34:44

HP  -4/88        AC  7     Str 23      XL: 11   Next: 13%
MP   8/8         EV  9     Int 14      God: Kikubaaqudgha [***...]
Gold 449         SH  0     Dex 10      Spells:  4 memorised,  5 levels left

Res.Fire  : + . .   See Invis. : .     - Unarmed
Res.Cold  : + . .   Warding    : .   X - +0 robe
Life Prot.: . . .   Conserve   : +   (shield restricted)
Res.Poison: +       Res.Corr.  : +   (helmet restricted)
Res.Elec. : +       Clarity    : .   H - +1 cloak {rCorr, Cons}
Sust.Abil.: . .     Spirit.Shd : .   (gloves unavailable)
Res.Mut.  : .       Stasis     : .   (boots unavailable)
Res.Rott. : .       Flight     : .   (no amulet)
Gourmand  : +                        p - ring of sustenance
                                     J - +5 ring of strength

@: short of breath, about to teleport, quite poisoned, very slightly
contaminated, slowed, very slow, somewhat resistant to hostile enchantments,
unstealthy
A: unfitting armour, claws 3, fast metabolism 3, gourmand, regeneration 2,
saprovore 2, tough skin 2, AC +1
a: Receive Corpses, Renounce Religion


You were on level 11 of the Dungeon.
You worshipped Kikubaaqudgha.
Kikubaaqudgha was most pleased with you.
You were completely stuffed.

You visited 2 branches of the dungeon, and saw 12 of its levels.

You collected 429 gold pieces.

Inventory:

Hand weapons
 R - a +2,+0 longbow of flame
Missiles
 y - a throwing net [torn]
 K - a throwing net (quivered)
 S - 33 arrows
Armour
 H - a +1 cloak of preservation (worn)
 L - a +0 cloak
 X - a +0 robe (worn)
Magical devices
 e - a wand of disintegration (0)
 n - a wand of fireball (0)
 t - a wand of slowing (6) {unknown}
 w - a wand of fire (0)
 E - a wand of confusion (10)
 G - a wand of paralysis (12) {unknown}
 M - a wand of digging (13) {unknown}
 N - a wand of paralysis (3) {unknown}
 O - a wand of draining (6)
Comestibles
 c - 5 meat rations
 m - 2 apples
 A - a lemon
 B - 2 chokos
 I - 8 bread rations
Scrolls
 f - 2 scrolls of identify
 l - 9 scrolls of remove curse
 q - a scroll of fear
 u - 2 scrolls of curse weapon {unknown}
 v - 2 scrolls of enchant weapon I
 x - 2 scrolls of teleportation
 P - a scroll of amnesia
 U - a scroll of enchant weapon II
Jewellery
 j - an uncursed ring of protection from cold
 p - a ring of sustenance (right claw)
 J - a +5 ring of strength (left claw)
 V - an uncursed ring of protection from fire
Potions
 d - 4 potions of curing
 g - a potion of speed
 h - a potion of flight
 i - a potion of might
 k - a potion of brilliance
 s - a potion of cure mutation
 z - a potion of agility
 C - 2 potions of magic
Books
 b - a book of Necromancy

   Spells                             Type                      Level
   *Pain                              Necromancy                   1
   *Animate Skeleton                  Necromancy                   1
   Lethal Infusion                    Charms/Necromancy            2
   *Vampiric Draining                 Necromancy                   3
   Regeneration                       Charms/Necromancy            3
   Animate Dead                       Necromancy                   4
   Control Undead                     Necromancy                   4
 F - Kikubaaqudgha's Guide on Stolen Souls
   (Kikubaaqudgha gifted it to you on level 9 of the Dungeon)

   Spells                             Type                      Level
   *Animate Skeleton                  Necromancy                   1
   Lethal Infusion                    Charms/Necromancy            2
   *Corpse Rot                        Necromancy                   2
   Regeneration                       Charms/Necromancy            3
   Control Undead                     Necromancy                   4
Magical staves
 W - an uncursed staff of earth
Miscellaneous
 r - a lantern of shadows


   Skills:
 - Level 1.5 Dodging
 - Level 1.1 Stealth
 + Level 14.8 Unarmed Combat
 - Level 1.0 Spellcasting
 * Level 7.1 Necromancy


You had 5 spell levels left.
You knew the following spells:

 Your Spells              Type           Power        Failure   Level  Hunger
a - Pain                  Necr           ###.         1%          1    ##.....
b - Animate Skeleton      Necr           N/A          1%          1    ##.....
c - Vampiric Draining     Necr           ###.......   6%          3    ####...
d - Corpse Rot            Necr           N/A          2%          2    ###....


Dungeon Overview and Level Annotations

Branches:
Dungeon (11/27)            Temple (1/1) D:7             Orc (0/4) D:6
   Lair: D:8-13

Altars:
Ashenzari
Elyvilon
Fedhas
Kikubaaqudgha
Makhleb
Nemelex Xobeh
Okawaru
Sif Muna
Trog
Vehumet
Xom
Yredelemnul
Zin
the Shining One

Shops:
D:9 ?

Annotations:
D:11 Sonja


Innate Abilities, Weirdness & Mutations

You are too large for most types of armour.
You have claws for hands.
Your metabolism is lightning-fast.
You like to eat raw meat.
You heal very quickly.
You can eat rotten meat.
You are covered in fur (AC +1).
You have very tough skin (AC +2).


Message History

* * * LOW HITPOINT WARNING * * *
You feel sick.
The trapdoor spider simulacrum bites you.
* * * LOW HITPOINT WARNING * * *
The trapdoor spider simulacrum freezes you!
You resist.
* * * LOW HITPOINT WARNING * * *
The trapdoor spider simulacrum barely misses you.
Read which item? (? for menu, Esc to quit)
As you read the scroll of teleportation, it crumbles to dust.
You feel strangely unstable.
* * * LOW HITPOINT WARNING * * *
You feel sick.
The trapdoor spider simulacrum bites you!
* * * LOW HITPOINT WARNING * * *
The trapdoor spider simulacrum freezes you!
You resist.
One of your 2 potions of brilliance freezes and shatters!
You die...
Kikubaaqudgha rasps: "You have failed me!
Welcome... death!"

...#...# #..............
...#...# #..............
...#...# ###'##..........
..##...# #.###.........
..##...# #.# #.........
..##...# #<# #.........
..##...#########.........
.......'.>K.(..+z.........
.......#########@..######
.......####### #........#
...p.........# #........#
...(.....K...# #........#
.........)...# ####.....#
.............# #.....#
.............# #.....#
......ยง......# #...>...
.....#'####### #......


You could see a trapdoor spider simulacrum.

Vanquished Creatures
  A centaur warrior (D:10)
  Maurice (D:9)
  Grinder (D:6)
  A spriggan (D:9)
  A polar bear (D:11)
  A wyvern (D:9)
  3 yaks (D:11)
  Eustachio (D:9)
  A hill giant zombie (D:10)
  A wolf (D:11)
  A hill giant skeleton (D:10)
  A hippogriff (D:7)
  3 hungry ghosts
  A necrophage (D:10)
  2 ice beasts
  3 sky beasts
  2 black bears
  A phantom (D:10)
  6 orc warriors
  3 centaurs
  7 ogres
  Duvessa (D:6)
  Blork the orc (D:9)
  3 giant frogs
  A water moccasin (D:9)
  A cyclops zombie (D:11)
  2 big kobolds
  6 killer bees (D:9)
  4 goliath beetles
  Dowan (D:6)
  2 crimson imps
  A centaur skeleton (D:9)
  A centaur zombie (D:5)
  A giant frog skeleton (D:5)
  8 hounds
  Crazy Yiuf (D:6)
  2 jellies (D:10)
  6 orc priests
  9 orc wizards
  An iguana (D:4)
  2 quasits
  3 halflings (D:6)
  6 scorpions
  5 worker ants
  An ogre zombie (D:9)
  Ijyb (D:5)
  A mummy (D:10)
  A worker ant zombie (D:10)
  12 gnolls
  2 green rats (D:9)
  8 adders
  A worker ant simulacrum (D:11)
  A white imp (D:11)
  5 worms
  A giant mite (D:2)
  2 grey rats (D:9)
  A giant eyeball (D:10)
  6 giant geckos
  3 oozes
  37 orcs
  3 ball pythons
  17 bats
  6 giant cockroaches
  15 hobgoblins
  4 quokkas
  A giant gecko skeleton (D:9)
  7 giant newts
  11 goblins
  12 jackals
  A jackal skeleton (D:6)
  22 kobolds
  A kobold skeleton (D:5)
  An orc skeleton (D:4)
  A quokka zombie (D:6)
  14 rats
  A rat zombie (D:8)
  4 ballistomycetes (D:9)
  A bush (D:6)
315 creatures vanquished.

Vanquished Creatures (collateral kills)
  A hill giant (D:10)
  A necrophage (D:9)
  A crimson imp (D:8)
  A gnoll shaman (D:3)
  An orc wizard (D:9)
  An ogre skeleton (D:10)
  An adder (D:2)
  An ufetubus (D:11)
  2 kobolds
  A bat (D:2)
  A ballistomycete (D:9)
  A plant (D:6)
13 creatures vanquished.

Vanquished Creatures (others)
  2 yak skeletons (D:11)
  A big kobold skeleton (D:11)
  A hound skeleton (D:8)
  3 adder skeletons
  3 bat skeletons
  2 gnoll skeletons (D:4)
  A giant gecko skeleton (D:4)
  A giant spore (D:9)
  A goblin skeleton (D:2)
  3 hobgoblin skeletons
  A jackal skeleton (D:2)
  5 kobold skeletons
  13 orc skeletons
  A rat skeleton (D:7)
38 creatures vanquished.

Grand Total: 366 creatures vanquished

Notes
Turn   | Place    | Note
--------------------------------------------------------------
     0 | D:1      | Malachi, the Troll Necromancer, began the quest for the Orb.
     0 | D:1      | Reached XP level 1. HP: 16/16 MP: 3/3
    62 | D:1      | Reached skill level 1 in Unarmed Combat
   185 | D:1      | Reached XP level 2. HP: 24/24 MP: 3/3
   931 | D:2      | Reached XP level 3. HP: 19/31 MP: 4/4
  1005 | D:2      | Learned a level 1 spell: Animate Skeleton
  1209 | D:2      | Reached XP level 4. HP: 26/39 MP: 5/5
  1278 | D:2      | Reached skill level 4 in Unarmed Combat
  1870 | D:3      | Reached XP level 5. HP: 45/45 MP: 5/5
  2502 | D:4      | Reached skill level 5 in Unarmed Combat
  3060 | D:4      | Reached skill level 6 in Unarmed Combat
  3060 | D:4      | Reached XP level 6. HP: 53/53 MP: 4/6
  3647 | D:5      | Entered Level 5 of the Dungeon
  3677 | D:5      | Reached skill level 7 in Unarmed Combat
  3702 | D:5      | Reached XP level 7. HP: 59/59 MP: 6/6
  3964 | D:5      | Reached skill level 8 in Unarmed Combat
  4331 | D:5      | Noticed Ijyb
  4338 | D:5      | Killed Ijyb
  4382 | D:5      | Found a blossoming altar of Fedhas.
  4398 | D:5      | Reached skill level 9 in Unarmed Combat
  4450 | D:5      | Learned a level 3 spell: Vampiric Draining
  4460 | D:6      | Reached XP level 8. HP: 40/67 MP: 7/7
  4585 | D:6      | Found a staircase to the Orcish Mines.
  4671 | D:6      | Noticed Crazy Yiuf
  4681 | D:6      | Killed Crazy Yiuf
  4720 | D:6      | Noticed Duvessa
  4725 | D:6      | Noticed Dowan
  4729 | D:6      | Killed Duvessa
  4749 | D:6      | Killed Dowan
  4749 | D:6      | Reached skill level 10 in Unarmed Combat
  4869 | D:6      | Noticed Grinder
  4883 | D:6      | Killed Grinder
  5117 | D:6      | Reached skill level 11 in Unarmed Combat
  5547 | D:7      | Found a staircase to the Ecumenical Temple.
  5644 | D:7      | Reached XP level 9. HP: 74/74 MP: 8/8
  6060 | D:7      | Found a bloodstained altar of Trog.
  6060 | D:7      | Found a shimmering altar of Xom.
  6155 | Temple   | Entered the Ecumenical Temple
  6198 | Temple   | Became a worshipper of Kikubaaqudgha
  6279 | D:8      | Reached skill level 12 in Unarmed Combat
  6910 | D:9      | Acquired Kikubaaqudgha's first power
  6910 | D:9      | Received a gift from Kikubaaqudgha
  6928 | D:9      | Identified Kikubaaqudgha's Guide on Stolen Souls (Kikubaaqudgha gifted it to you on level 9 of the Dungeon)
  6943 | D:9      | Noticed Maurice
  7105 | D:9      | Killed Maurice
  7105 | D:9      | Reached skill level 13 in Unarmed Combat
  7115 | D:9      | Identified a +1 cloak of preservation (You took it off Maurice on level 9 of the Dungeon)
  7213 | D:9      | Found Mikeze's Magic Scroll Shoppe.
  7218 | D:9      | Noticed Eustachio
  7231 | D:9      | Killed Eustachio
  7283 | D:9      | Found a glowing golden altar of the Shining One.
  7401 | D:9      | Noticed Blork the orc
  7406 | D:9      | Killed Blork the orc
  7470 | D:9      | Reached XP level 10. HP: 74/81 MP: 8/8
  7795 | D:9      | Reached skill level 14 in Unarmed Combat
  7795 | D:9      | Reached skill level 5 in Necromancy
  8024 | D:10     | Entered Level 10 of the Dungeon
  8139 | D:10     | Acquired Kikubaaqudgha's second power
  8453 | D:10     | Paralysed by a giant eyeball for 3 turns
  8459 | D:10     | Paralysed by a giant eyeball for 4 turns
  8697 | D:10     | Noticed a hill giant
  8707 | D:10     | Killed a hill giant
  8771 | D:10     | Noticed a centaur warrior
  8779 | D:10     | Killed a centaur warrior
  9465 | D:11     | Reached XP level 11. HP: 71/88 MP: 8/8
  9521 | D:11     | Learned a level 2 spell: Corpse Rot
  9626 | D:11     | Received a gift from Kikubaaqudgha
  9867 | D:11     | Noticed Sonja
  9882 | D:11     | HP: 3/88 [trapdoor spider simulacrum (7)]
  9882 | D:11     | Slain by a trapdoor spider simulacrum

Action                   |  1- 3 |  4- 6 |  7- 9 | 10-12 || total
-------------------------+-------+-------+-------+-------++-------
Melee: Unarmed           |   132 |   220 |   366 |   288 ||  1006
Throw: Throwing net      |       |     2 |     2 |       ||     4
 Cast: Pain              |     2 |       |     2 |     1 ||     5
       Animate Skeleton  |     4 |    22 |    37 |    31 ||    94
       Vampiric Draining |       |       |     1 |     7 ||     8
Evoke: Wand              |       |       |    11 |       ||    11
  Use: Scroll            |     1 |       |    21 |     4 ||    26
       Potion            |       |       |     2 |     4 ||     6
 Stab: Sleeping          |       |     1 |       |       ||     1
       Distracted        |       |       |     2 |     1 ||     3
       Confused          |       |       |     1 |       ||     1
